[ AOE2 MATCH · #483883754 ]
UnrankedMalians vs Georgians
[ REPLAY ANALYSIS · EXTRACTED FROM THE RECORDED GAME ]
Feudal
—
Castle
—
Imperial
—
| APM avg | 32.9 |
| APM peak | 48 |
| eAPM avg | 1.8 |
| Villagers / military | 0 / 0 |
Focus
⚔️ 0.0% · 🌾 100.0%
Feudal
—
Castle
—
Imperial
—
| APM avg | 36.1 |
| APM peak | 66 |
| eAPM avg | 9.3 |
| Villagers / military | 4 / 0 |
Focus
⚔️ 10.0% · 🌾 90.0%
Feudal
—
Castle
—
Imperial
—
| APM avg | 17.0 |
| APM peak | 20 |
| eAPM avg | 4.8 |
| Villagers / military | 0 / 0 |
Focus
⚔️ 0.0% · 🌾 100.0%
Feudal
—
Castle
—
Imperial
—
| APM avg | 28.6 |
| APM peak | 46 |
| eAPM avg | 6.1 |
| Villagers / military | 0 / 0 |
Focus
⚔️ 0.0% · 🌾 100.0%
Feudal
—
Castle
—
Imperial
—
| APM avg | 43.1 |
| APM peak | 71 |
| eAPM avg | 6.1 |
| Villagers / military | 4 / 0 |
Focus
⚔️ 8.3% · 🌾 91.7%
Feudal
—
Castle
—
Imperial
—
| APM avg | 34.3 |
| APM peak | 70 |
| eAPM avg | 4.3 |
| Villagers / military | 0 / 0 |
Focus
⚔️ 0.0% · 🌾 100.0%
Match map
Initial resources + every placement click. Lines = walls · curves = elevation contours. ◆ gold · ⬟ stone · ● berries · ✦ relic · ◌ wall gap
Your base
Lord Calgar's base
StingRS5's base
estrellototota's base
P4K3T3's base
Lazy_Mann's base
Smoothed initial terrain · ◌ = detected wall gap · hover for details
Inputs per minute
— Jerry - - Lord Calgar
Build order — Jerry
3 actions detected in the replay
| 2:51 | Build | Town Center |
| 3:18 | Build | House |
| 3:19 | Build | House |
Build order — Lord Calgar
6 actions detected in the replay
| 0:39 | Build | Town Center |
| 0:53 | Build | House |
| 1:00 | Build | House |
| 2:43 | Build | Dock |
| 3:05 | Create | Villager (Male) ×4 |
| 3:06 | Research | Loom |
Build order — StingRS5
3 actions detected in the replay
| 2:21 | Build | Town Center |
| 3:07 | Build | House |
| 3:09 | Build | House |
Build order — estrellototota
2 actions detected in the replay
| 1:14 | Build | Town Center |
| 2:39 | Build | House |
Build order — P4K3T3
7 actions detected in the replay
| 0:50 | Build | Dock |
| 1:01 | Build | Town Center |
| 1:35 | Build | House |
| 3:14 | Create | Villager (Male) |
| 3:14 | Create | Villager (Male) |
| 3:15 | Create | Villager (Male) |
| 3:16 | Create | Villager (Male) |
Build order — Lazy_Mann
1 actions detected in the replay
| 3:32 | Build | Town Center |
Match timeline
| 0:50 | P4K3T3 · first_building Dock |
| 2:43 | Lord Calgar · first_building Dock |
| 4:14 | estrellototota · resign |
[ AI ANALYSIS · 1 CREDIT ]
What really happened in this match?
Wolo.gg analyzes every decision: build order, eco, micro, common mistakes by bracket. Personalized analysis on WhatsApp or Discord in 30 seconds.
Civ guide
Malians
Perfil
Jugador #10585093